 Dungeon Crawl Stone Soup version 0.24-a0-375-g4de66ed42b (webtiles) character file.

Game seed: 6910337735855308318

67 theanonym the Magician (level 4, -11/30 HPs)
             Began as a Mummy Air Elementalist on May 31, 2019.
             Killed from afar by Robin (13 damage)
             ... with a puff of flame
             ... on level 2 of the Dungeon.
             The game lasted 00:02:29 (1346 turns).

theanonym the Magician (Mummy Air Elementalist)     Turns: 1346, Time: 00:02:31

Health: -11/30     AC:  2    Str: 11    XL:     4   Next: 0%
Magic:  2/9        EV: 12    Int: 15    God:
Gold:   65         SH:  0    Dex: 12    Spells: 9/10 levels left

rFire    x . .     SeeInvis .   c - +0 dagger
rCold    + . .     Gourm    .   (no shield)
rNeg     + + +     Faith    .   a - +0 robe
rPois    ∞         Spirit   .   (no helmet)
rElec    .         Reflect  .   (no cloak)
rCorr    .         Harm     .   (no gloves)
MR       .....                  (no boots)
Stlth    ++........             (no amulet)
HPRegen  0.10/turn              (no ring)
MPRegen  0.11/turn              (no ring)

@: no status effects
A: no food or potions, fire vulnerability, cold resistance 1, negative energy
resistance 3, torment resistance, unbreathing
a: no special abilities


Innate Abilities, Weirdness & Mutations

You do not eat or drink.
Your flesh is vulnerable to fire.
You are immune to poison.
Your flesh is cold resistant. (rC+)
You are immune to negative energy. (rN+++)
You are immune to unholy pain and torment.
You can survive without breathing.


   Skills:
 - Level 1.5 Dodging
 - Level 1.5 Stealth
 + Level 3.8 Spellcasting
 + Level 1.9 Conjurations
 + Level 3.0 Air Magic


You had 9 spell levels left.
You knew the following spells:

 Your Spells              Type           Power        Failure   Level  Hunger
a - Shock                 Conj/Air       ##..         7%          1    N/A

Your spell library contained the following spells:

 Spells                   Type           Power        Failure   Level  Hunger
 Swiftness                Chrm/Air       #.......     16%         2    N/A
 Static Discharge         Conj/Air       ##......     21%         3    N/A
 Airstrike                Air            ##........   45%         4    N/A
 Lightning Bolt           Conj/Air       ##........   88%         5    N/A

Skill      XL: |  1  2  3 |
---------------+----------+-----
Conjurations   | 1 |  1.9
Spellcasting   | 3 |  3.8
Air Magic      | 3 |  3.0
Dodging        | |  1.5
Stealth        | |  1.5

Action                   |  1- 3 |  4- 6 || total
-------------------------+-------+-------++-------
Melee: Dagger            |    14 |     3 ||    17
 Cast: Shock             |    67 |     5 ||    72
Armor: Robe              |     9 |       ||     9
Dodge: Dodged            |    24 |     2 ||    26

Inventory:

Hand Weapons
 c - a +0 dagger (weapon)
Armour
 a - a +0 robe (worn)
 e - a +0 buckler
Scrolls
 b - 3 scrolls of remove curse {unknown}
 d - a scroll of blinking {unknown}
 f - a scroll of magic mapping {unknown}


You were on level 2 of the Dungeon.
You were not hungry.

You visited 1 branch of the dungeon, and saw 2 of its levels.

You collected 65 gold pieces.

Dungeon Overview and Level Annotations

Branches:
Dungeon (2/15)

Altars:
Zin

Annotations:
D:2 Robin

#...##......#
#...#######.#
#...# #.# #.# #.#
#.# #### #.# '..#
#.# ##.# #@# #†#
#.# #.# #.# #g#
#g# #g# #.#
#.#############.#
#.#.(.)†(÷......#
#)#.#############
#.#.#######


You could see Robin.

Notes
Turn   | Place    | Note
-------+----------+-------------------------------------------
     0 | D:1      | theanonym the Mummy Air Elementalist began the quest for
                  | the Orb.
     0 | D:1      | Reached XP level 1. HP: 13/13 MP: 4/4
    95 | D:1      | Reached skill level 1 in Conjurations
   193 | D:1      | Reached skill level 3 in Spellcasting
   216 | D:1      | Reached XP level 2. HP: 19/19 MP: 1/6
   844 | D:2      | Found a glowing silver altar of Zin.
   920 | D:2      | Reached XP level 3. HP: 22/24 MP: 1/7
  1152 | D:2      | Noticed Robin
  1185 | D:2      | Reached skill level 3 in Air Magic
  1330 | D:2      | Reached XP level 4. HP: 30/30 MP: 4/9
  1337 | D:2      | HP: 13/30 [Robin/+3 mace of holy wrath (8)]
  1337 | D:2      | HP: 1/30 [Robin/+3 mace of holy wrath (12)]
  1346 | D:2      | Killed from afar by Robin

Vanquished Creatures
  3 adders (D:2)
  3 dart slugs
  A leopard gecko (D:1)
  2 giant cockroaches
  8 goblins
  2 hobgoblins
  2 jackals (D:2)
  4 kobolds
  3 bats
  2 frilled lizards (D:1)
  A rat (D:1)
31 creatures vanquished.

Table legend:
 A = Turns spent in this place as a percentage of turns spent in the entire game.
 B = Non-inter-level travel turns spent in this place as a percentage of non-inter-level travel turns spent in the entire game.
 C = Inter-level travel turns spent in this place as a percentage of turns spent in this place.
 D = Turns resting spent in this place as a percentage of non-inter-level travel turns spent in this place.
 E = Turns spent auto-exploring this place as a percentage of non-inter-level travel turns spent in this place.
 F = Non-inter-level travel turns spent in this place divided by the number of levels of this place that you've seen.
                   A       B       C       D       E      F
               +-------+-------+-------+-------+-------+----------------------
         Total | 100.0 | 100.0 |   2.9 |  27.5 |  57.3 | 653.5
       Dungeon | 100.0 | 100.0 |   2.9 |  27.5 |  57.3 | 653.5
               +-------+-------+-------+-------+-------+----------------------
